 Dungeon Crawl Stone Soup version 0.31-a0-700-gf13585253f (webtiles) character file.

Game seed: 13176336830074046758

242 qw the Shooter (level 6, -15/39 HPs)
             Began as a Gargoyle Hunter on Sept 7, 2023.
             Demolished by an ogre
             ... wielding a +0 giant spiked club
              (30 damage)
             ... on level 4 of the Dungeon.
             The game lasted 00:01:03 (2959 turns).

qw the Shooter (Gargoyle Hunter)                    Turns: 2959, Time: 00:01:04

Health: -15/39     AC:  7    Str: 14    XL:     6   Next: 9%
Magic:  6/6        EV: 11    Int: 10    God:
Gold:   75         SH:  0    Dex: 15    Spells: 5/5 levels left

rFire   . . .        Y - +0 shortbow
rCold   . . .        (shield currently unavailable)
rNeg    + . .        c - +0 leather armour
rPois   inf          (no helmet)
rElec   +            (no cloak)
rCorr   .            (no gloves)
SInv    .            (no boots)
Will    .....        (no amulet)
Stlth   ++           (no ring)
HPRegen 0.26/turn    (no ring)
MPRegen 0.10/turn

%: no passive effects
@: no status effects
A: sickness immunity, AC +4, negative energy resistance 1, electricity
resistance, torment resistance 1, petrification resistance
a: no special abilities


You were on level 4 of the Dungeon.
You visited 1 branch of the dungeon, and saw 4 of its levels.

You collected 75 gold pieces.


Innate Abilities, Weirdness & Mutations

You are immune to sickness and miasma.
Your stone body is resilient. (AC +4)
You are immune to poison.
You resist negative energy. (rN+)
You are resistant to electric shocks. (rElec)
You are resistant to unholy torment.
You are immune to petrification.


   Skills:
 - Level 4.3 Fighting
 + Level 6.2 Ranged Weapons
 - Level 1.5 Dodging
 - Level 1.1 Stealth


You had 5 spell levels left.
You didn't know any spells.
Your spell library was empty.

Inventory:

Hand Weapons
 Y - a +0 shortbow (weapon)
Armour
 c - a +0 leather armour (worn)
 e - a +0 ring mail
Scrolls
 a - a scroll of teleportation
 b - a scroll of identify
Potions
 d - a potion of ambrosia {unknown}
 f - a potion of curing
 g - a potion of enlightenment

Dungeon Overview and Level Annotations

Branches:
Dungeon (4/15)
 Temple: D:4-7

Altars:

Shops:
D:3 =(*:


Message History

The hound bites you.
The quokka bites you but does no damage.
A ball python comes into view.
You shoot an arrow. The arrow closely misses the hound.
The hound barely misses you. The quokka bites you.
You shoot an arrow.
The arrow hits the scorpion but does no damage.
The quokka misses you. The scorpion closely misses you.
The quokka barely misses you.
An ogre comes into view. It is wielding a +0 giant spiked club.
2956 |||
Found retreat position at -2,-7 (floor) with 0 blocking monsters and 2 monsters attacking at destination at distance 7
Enter note:
Enter note:
Enter note:
Enter note:
Enter note:
2956 ||| Stepping ~*~*~tactically~*~*~ (retreating).
The ball python bites you. The ball python grabs you.
The ball python constricts you. The ball python misses you.
The ball python constricts you.
You shoot an arrow.
The arrow closely misses the ball python.
The arrow hits the ogre but does no damage.
The scorpion stings you but does no damage.
The ball python closely misses you. The ball python constricts you.
The scorpion stings you but does no damage.
You shoot an arrow. The arrow hits the ball python!
You kill the ball python!
The scorpion barely misses you.
Enter note:
Enter note:
Enter note:
Enter note:
Enter note: You shoot an arrow.
The arrow hits the scorpion.
The scorpion is lightly wounded.
The scorpion misses you.
The ogre hits you with a +0 giant spiked club!!
Ouch! That really hurt!
You die...

..##<....#..##.####...##
#.##### .###.......###.#
#..## #.# # ...........# #.#
##..# #.# ...........###..
#...# ##.#
..).....##...........## #..#
.......####.....####..####..#
.......# #..##.. #........###
# .......# #.....O##
#.....###..### .........
#.@###....## ###...
.......... ##s#......# ##.#
.....####. #r.......# #.#
.....# #.$......# #.# .....#
#.##......# #.# ....##
#...........# ... .....
.......##...... #.. .....
..##.##.##....### ##. ###
..#### ....# #


You could see an ogre, a scorpion and a quokka.

Vanquished Creatures
  A howler monkey (D:4)
  A hound (D:4)
  An iguana (D:4)
  An orc wizard (D:4)
  4 adders
  2 worms
  5 dart slugs
  6 orcs (D:4)
  7 bats
  4 endoplasms
  2 giant cockroaches (D:2)
  7 goblins
  3 hobgoblins
  3 jackals (D:1)
  8 kobolds
  4 quokkas
  8 ball pythons
  A frilled lizard (D:2)
  5 rats
73 creatures vanquished.

Notes
Turn   | Place    | Note
-------+----------+-------------------------------------------
     0 | D:1      | qw the Gargoyle Hunter began the quest for the Orb.
     0 | D:1      | Reached XP level 1. HP: 12/12 MP: 1/1
     0 | D:1      | 0 ||| qw: Version: 0.3-a-76-g4403597
     0 | D:1      | 0 ||| qw: Game counter: 624
     0 | D:1      | 0 ||| qw: Melee chars always use a shield: true
     0 | D:1      | 0 ||| qw: God list: Okawaru
     0 | D:1      | 0 ||| qw: Allow faded altars: false
     0 | D:1      | 0 ||| qw: Do Orc after clearing Dungeon:15 true
     0 | D:1      | 0 ||| qw: Do second Lair branch before Depths: true
     0 | D:1      | 0 ||| qw: Lair rune preference: random
     0 | D:1      | 0 ||| qw: Goals: Normal
     0 | D:1      | 0 ||| PLANNING D:1-11
   387 | D:1      | Reached XP level 2. HP: 17/17 MP: 2/2
   546 | D:1      | Reached XP level 3. HP: 17/21 MP: 3/3
   612 | D:1      | Reached skill level 5 in Ranged Weapons
   838 | D:1      | 838 ||| READING 2 scrolls labelled AHOESH VENILONG.
   842 | D:1      | 842 ||| READING scroll labelled OSTACSEERPH.
   843 | D:1      | 843 ||| DROPPING scroll of butterflies.
  1034 | D:2      | Reached skill level 3 in Fighting
  1129 | D:2      | Reached XP level 4. HP: 28/28 MP: 4/4
  1487 | D:2      | 1487 ||| DRINKING 2 sapphire potions.
  1488 | D:2      | 1488 ||| DRINKING 2 sedimented ruby potions.
  1528 | D:3      | Found Teituzuj's Jewellery Shop.
  1531 | D:3      | 1531 ||| SHOPLISTING +5 ring of evasion (360 gold, have
                  | 27).
  1531 | D:3      | 1531 ||| SHOPLISTING amulet of faith (400 gold, have 27).
  1531 | D:3      | 1531 ||| SHOPLISTING ring of ice (250 gold, have 27).
  1531 | D:3      | 1531 ||| SHOPLISTING ring of see invisible (150 gold, have
                  | 27).
  1536 | D:3      | Found Xueh Ola's Antique Weapon Boutique.
  1544 | D:3      | 1544 ||| SHOPLISTING glowing shortbow (132 gold, have 27).
  1605 | D:3      | Found Catiocka's Book Emporium.
  1635 | D:3      | Found Upaariukk's General Store.
  1643 | D:3      | 1643 ||| SHOPLISTING +0 pair of gloves (63 gold, have 27).
  1643 | D:3      | 1643 ||| SHOPLISTING +3 leather armour "Zoyddagg" {Int+4}
                  | (453 gold, have 27).
  1643 | D:3      | 1643 ||| SHOPLISTING scroll of teleportation (42 gold, have
                  | 27).
  2148 | D:3      | 2148 ||| READING scroll labelled ZYGRENKO GOMMAT.
  2210 | D:4      | Reached XP level 5. HP: 26/32 MP: 5/5
  2306 | D:4      | Reached skill level 6 in Ranged Weapons
  2448 | D:4      | 2448 ||| DRINKING potion of curing.
  2448 | D:4      | 2448 ||| (to cure confusion)
  2466 | D:4      | HP: 8/32 [something (3)]
  2467 | D:4      | 2467 ||| READING 2 scrolls of teleportation.
  2933 | D:4      | 2933 ||| Stepping ~*~*~tactically~*~*~ (retreating).
  2934 | D:4      | 2934 ||| Stepping ~*~*~tactically~*~*~ (retreating).
  2951 | D:4      | Reached XP level 6. HP: 21/39 MP: 6/6
  2956 | D:4      | 2956 ||| Stepping ~*~*~tactically~*~*~ (retreating).
  2959 | D:4      | Demolished by an ogre

Levels and vault maps discovered:
D:1:      ncdulo_lavacross, layout_basic
D:2:      layout_loops_ring, minmay_misc_feat_tower
D:3:      layout_basic, serial_shops, shop_statue, shop,
          nicolae_shop_behind_doors, shop
D:4:      layout_layer_cave, minmay_close_crescents

Skill      XL: |  1  2  3  4  5 |
---------------+----------------+-----
Ranged Weapons | 5 6 |  6.2
Fighting       | 3 4 |  4.3
Dodging        | |  1.5
Stealth        | |  1.1

Action                     |  1- 3 |  4- 6 || total
---------------------------+-------+-------++-------
   Fire: Shortbow          |   114 |   148 ||   262
    Use: Scroll            |     2 |     2 ||     4
         Potion            |       |     3 ||     3
 Armour: Leather armour    |    18 |    67 ||    85
  Dodge: Dodged            |    29 |    46 ||    75

Table legend:
 A = Non-vault XP
 B = Vault XP
 C = Vault XP percentage of total XP
 D = Non-vault monster count
 E = Vault monster count
 F = Vault count percentage of total count
                 A         B        C        D         E       F
            +---------+---------+-------+---------+---------+-------
      Total |     280 |      66 |  19.1 |      70 |       3 |   4.1
            +---------+---------+-------+---------+---------+-------
        D:1 |      50 |       0 |   0.0 |      28 |       0 |   0.0
        D:2 |      52 |       0 |   0.0 |      17 |       0 |   0.0
        D:3 |      28 |       0 |   0.0 |       7 |       0 |   0.0
        D:4 |     150 |      66 |  30.6 |      18 |       3 |  14.3
            +---------+---------+-------+---------+---------+-------
